Map: Incorporeal LE

Players

NoSkill - Winner!

  • Race: Zerg Zerg
  • League: Gold
  • Spawn Location: 11:00

Sindyr

  • Race: Zerg Zerg
  • Spawn Location: 5:00

VOD

Have the link to the VOD?

Description

Time

  • Played on: Sept. 6, 2025, 11:46 p.m.
  • Length: 16:27
Show
View Real Time Build Order
Export as new Build Order

NoSkill Zerg - Winner!

Build Orders: Hatch First 

Get SALT Encoding   

  12  0:00  Drone  
  13  0:13  Overlord  
  13  0:20  Drone  
  14  0:32  Drone x2  
  16  0:51  Drone, Hatchery  
  16  0:54  Drone  
  17  0:58  Extractor  
  16  1:11  Spawning Pool  
  15  1:19  Drone  
  15  1:20  Drone  
  15  1:24  Drone  
  18  1:34  Drone  
  19  1:42  Overlord  
  19  1:59  Zergling x2  
  19  2:01  Queen  
  20  2:04  Zergling x4  
  24  2:09  Metabolic Boost  
  24  2:13  Queen  
  26  2:17  Zergling x2  
  27  2:31  Drone x3  
  30  2:51  Zergling x8  
  34  3:00  Drone x2  
  36  3:08  Overlord  
  33  3:34  Drone x6  
  38  3:45  Drone x3  
  41  3:49  Drone x2, Baneling Nest  
  41  3:50  Queen  
  44  4:03  Extractor  
  44  4:09  Queen  
  43  4:10  Hatchery  
  44  4:21  Overlord  
  44  4:22  Overlord  
  44  4:37  Baneling x3, Extractor  
  43  4:47  Zergling x2  
  43  4:48  Zergling x10  
  49  4:55  Hatchery  
  49  4:56  Drone x4  
  49  4:58  Evolution Chamber  
  51  5:02  Evolution Chamber  
  51  5:06  Zergling x4  
  52  5:10  Lair, Drone  
  52  5:11  Drone x2  
  55  5:27  Drone  
  55  5:28  Drone x6, Queen x2  
  62  5:35  Zerg Melee Weapons Level 1  
  66  5:39  Zerg Ground Armor Level 1  
  66  5:48  Overlord x2  
  66  6:06  Drone x2  
  66  6:07  Drone x8  
  66  6:09  Overlord x2  
  76  6:22  Centrifugal Hooks  
  76  6:24  Queen x2  
  79  6:38  Baneling  
  79  6:43  Overlord x2  
  79  6:44  Overlord  
  79  6:51  Drone x3, Extractor  
  79  6:52  Roach Warren, Extractor  
  79  7:25  Drone  
  79  7:26  Drone x15  
  79  7:27  Drone x5  
  100  7:33  Zerg Missile Weapons Level 1  
  100  7:34  Overlord  
  100  7:35  Overlord  
  100  7:41  Zerg Melee Weapons Level 2  
  100  7:45  Hatchery  
  88  7:58  Glial Reconstitution  
  88  8:01  Roach x6  
  88  8:02  Roach x5, Overlord  
  110  8:22  Roach  
  110  8:23  Roach x7  
  110  8:24  Overlord  
  126  8:40  Roach  
  126  8:41  Roach x9  
  146  8:48  Queen x3  
  146  8:50  Overlord x2  
  146  8:51  Overlord  
  152  8:56  Queen  
  152  9:01  Overseer x2  
  154  9:07  Extractor  
  154  9:08  Extractor  
  154  9:09  Extractor  
  151  9:15  Spine Crawler  
  151  9:16  Spore Crawler  
  149  9:18  Spore Crawler, Spine Crawler x2  
  149  9:21  Spore Crawler, Drone x3  
  149  9:22  Tunneling Claws  
  149  9:23  Spine Crawler  
  143  9:47  Hydralisk Den, Roach  
  143  9:48  Roach x17  
  170  9:58  Queen x2  
  174  10:02  Spore Crawler  
  173  10:07  Spore Crawler  
  173  10:08  Overlord x4  
  164  10:21  Muscular Augments, Hydralisk  
  156  10:22  Hydralisk x4  
  130  10:48  Burrow  
  130  10:49  Drone  
  118  10:50  Drone x3  
  98  11:05  Hydralisk x11  
  98  11:06  Hydralisk x4  
  122  11:22  Hydralisk x7  
  124  11:30  Spore Crawler  
  109  11:35  Spore Crawler  
  109  11:38  Spore Crawler  
  91  11:42  Queen x3  
  93  11:52  Hydralisk  
  93  11:53  Hydralisk x5  
  80  12:01  Drone x3  
  80  12:04  Hydralisk x3  
  76  12:16  Drone x4  
  76  12:17  Drone x4  
  84  12:25  Drone  
  84  12:26  Drone x2  
  77  12:34  Hydralisk x4  
  76  12:40  Hydralisk x2  
  76  12:59  Hydralisk x5  
  76  13:00  Hydralisk x2  
  85  13:07  Hydralisk  
  85  13:08  Hydralisk x2  
  80  13:19  Hydralisk x3  
  76  13:20  Hydralisk  
  78  13:35  Hydralisk x6  
  78  13:36  Hydralisk  
  92  13:47  Drone  
  92  13:48  Drone x3  
  90  13:57  Overseer  
  90  14:16  Extractor  
  89  14:18  Queen x3  
  95  14:31  Drone  
  95  14:32  Drone x11  
  107  14:46  Hatchery  
  106  15:09  Hydralisk  
  106  15:10  Hydralisk x11  
  130  15:17  Infestation Pit  
  130  15:18  Queen x2  
  128  15:39  Hydralisk x11  
  132  15:55  Hydralisk x5  
  132  15:57  Swarm Host  
Show
View Real Time Build Order
Export as new Build Order

Sindyr Zerg 

Build Orders: Pool First 

Get SALT Encoding   

  12  0:03  Drone  
  13  0:16  Overlord  
  13  0:25  Drone  
  14  0:37  Drone x2  
  16  0:43  Extractor  
  15  0:52  Drone x2, Spawning Pool  
  16  1:00  Drone  
  17  1:13  Drone  
  18  1:21  Overlord  
  18  1:37  Drone  
  19  1:40  Queen  
  21  1:49  Drone  
  21  1:52  Hatchery  
  21  1:54  Metabolic Boost  
  21  2:13  Drone x2  
  23  2:25  Lair  
  23  2:43  Roach Warren  
  22  2:46  Evolution Chamber  
  22  2:51  Zergling x6  
  24  3:00  Zergling x6  
  24  3:04  Queen  
  29  3:09  Zergling x2  
  30  3:15  Zergling x2  
  28  3:22  Drone  
  28  3:23  Drone  
  28  3:26  Drone  
  31  3:36  Drone  
  32  3:50  Overlord  
  32  3:51  Overlord x2  
  32  4:10  Glial Reconstitution  
  32  4:15  Zerg Missile Weapons Level 1  
  32  4:19  Queen  
  32  4:20  Drone  
  32  4:21  Drone x5  
  40  4:30  Extractor  
  39  4:33  Drone x2  
  41  4:45  Drone x3  
  44  4:50  Drone x4  
  48  4:58  Extractor  
  47  5:11  Hatchery  
  46  5:38  Spire  
  46  5:41  Drone  
  46  5:42  Drone x2  
  48  5:43  Overlord x2  
  48  5:58  Drone x3  
  48  5:59  Overlord x2  
  51  6:07  Roach x8  
  51  6:09  Zerg Ground Armor Level 1  
  67  6:13  Zergling x2  
  68  6:25  Zergling x8  
  72  6:26  Zergling x2  
  72  6:28  Zergling x2  
  72  6:29  Spine Crawler  
  73  6:32  Spine Crawler  
  73  6:33  Spine Crawler  
  70  6:59  Extractor  
  67  7:13  Mutalisk x5  
  74  7:22  Queen  
  74  7:24  Drone x3  
  74  7:25  Drone x4  
  83  7:35  Spine Crawler  
  82  7:39  Drone x2  
  84  7:56  Mutalisk  
  84  7:57  Roach x3, Mutalisk  
  84  7:58  Roach  
  88  7:59  Zergling x2  
  89  8:06  Zerg Missile Weapons Level 2  
  89  8:18  Overlord x2  
  89  8:19  Overlord  
  89  8:36  Queen  
  91  8:47  Mutalisk x3  
  91  8:48  Mutalisk  
  97  8:49  Zergling x2  
  97  8:50  Zergling x10  
  97  8:51  Overlord x3  
  97  8:52  Overlord  
  97  8:54  Zerg Flyer Weapons Level 1  
  105  9:10  Extractor  
  105  9:12  Extractor  
  103  9:18  Drone x4  
  103  9:19  Drone x2  
  107  9:27  Mutalisk x4  
  107  9:28  Zergling x2  
  107  9:29  Zergling x10  
  117  9:40  Mutalisk  
  94  10:00  Spine Crawler  
  94  10:06  Mutalisk x2, Spine Crawler  
  79  10:27  Roach x4  
  79  10:28  Roach x7  
  96  10:29  Zergling x4  
  96  10:30  Zergling x2  
  95  10:43  Mutalisk x2  
  95  10:47  Roach x2  
  95  10:48  Zerg Flyer Armor Level 1  
  93  11:04  Drone x3  
  81  11:38  Queen  
  77  11:40  Drone x2  
  77  11:41  Drone x3  
  82  11:50  Drone  
  82  11:51  Drone x2  
  77  11:55  Roach  
  77  12:15  Roach  
  77  12:16  Roach x2  
  73  12:30  Mutalisk x3  
  73  12:32  Zergling x2  
  74  12:39  Zergling x4  
  74  12:40  Zergling x2  
  74  12:42  Zerg Flyer Weapons Level 2  
  77  12:51  Zergling x10  
  78  13:01  Zergling x4  
  78  13:02  Zergling x2  
  79  13:09  Roach  
  72  13:34  Roach x7  
  71  13:44  Zergling x2  
  58  14:00  Mutalisk  
  58  14:01  Mutalisk x5  
  68  14:16  Hatchery  
  67  14:25  Mutalisk x2  
  70  14:38  Zergling x2  
  70  14:39  Zergling x4, Mutalisk x2  
  77  14:47  Roach x2  
  83  15:00  Roach x3  
  83  15:01  Roach  
  89  15:25  Roach, Zergling x2  
  89  15:26  Roach, Zergling x12  
  99  15:37  Zergling x2, Roach  
  92  15:45  Zergling x10  
  93  15:55  Drone x4  
  88  16:08  Zergling x4  
Tags
 
League
Gold
Matchup
ZvZ
Race
Zerg
Replay Pack
Multiplayer
Spawn Locations
Cross Positions
Add a new tag
Caveats
  • Supply blocks, unpowered buildings, or Contaminate may cause inaccurate times.
  • Supply counts are checked every 10 seconds.